[Event "Velká cena Novohradska - A"]
[Site "Nové Hrady, Czech Republic"]
[Date "2024.10.12"]
[Round "4.5"]
[White "Rendl, Luboš"]
[Black "Mountassir, Karim"]
[Result "1-0"]
[TimeControl "2x20min+10s/tah"]
[WhiteFideId "23750197"]
[BlackFideId "23746327"]
[WhiteElo "1860"]
[BlackElo "1614"]

1. e4 e5 2. Nf3 Nc6 3. Bb5 a6 4. Bxc6 dxc6 5. d4 exd4 6. Qxd4 Qxd4 7. Nxd4 c5 8. Nf3 Bg4 9. Ne5 Be6 10. f4 f6 11. Nf3 O-O-O 12. Be3 c4 13. Nd4 Bf7 14. Kf2 Bc5 15. Nf3 Bxe3+ 16. Kxe3 Ne7 17. Nc3 Nc6 18. a3 Rhe8 19. Rad1 Bh5 20. Rd5 Bf7 21. Rxd8+ Rxd8 22.
Rd1 Rxd1 23. Nxd1 Bh5 24. Nc3 Bxf3 25. gxf3 Kd7 26. Nd5 Kd6 27. h3 h6 28. f5 Ne7 29. Nf4 c6 30. Nh5 g6 31. fxg6 Nxg6 32. Nxf6 Ke5 33.
Ng4+ Ke6 34. Nxh6 c5 35. Nf5 b5 36. h4 a5 37. h5 Nh8 38. f4 a4 39. c3 b4 40. cxb4 cxb4 41. axb4 c3 42. bxc3 a3 43. Nd4+ a2 1-0

[Event "Velká cena Novohradska - A"]
[Site "Nové Hrady, Czech Republic"]
[Date "2024.10.12"]
[Round "4.6"]
[White "Slonek, Richard"]
[Black "Polanský, Matěj"]
[Result "1-0"]
[TimeControl "2x20min+10s/tah"]
[WhiteFideId "23744553"]
[BlackFideId "23741872"]
[WhiteElo "1524"]
[BlackElo "1475"]

1. e4 c5 2. d4 cxd4 3. c3 d3 4. c4 Nc6 5. Nc3 e6 6. Bxd3 Be7 7. Nf3 d6 8. Be3 b6 9. Qd2 a6 10. O-O Bb7 11. Rac1 Nf6 12.
Na4 b5 13. cxb5 axb5 14. Bxb5 Rc8 15. Bxc6+ Bxc6 16. Nb6 Rc7 17. Qc2 O-O 18. Nd4 Rb7 19. Nxc6 Qe8 20. Nxe7+ Qxe7 21. Qc6 Rfb8 22. a4 h6 23.
a5 Nd7 24. Nxd7 Rxd7 25. a6 Rxb2 26. a7 Rxa7 27. Bxa7 Qxa7 28. Qxd6 Ra2 29. Rb1 Kh7 30. Qb6 Qa3 31. h3 Rc2 32.
Qb3 Qc5 33. e5 Rd2 34. Qe3 Qa5 35. Qe4+ g6 36. Qf4 Rd7 37. Rfd1 Rc7 38. Rb8 Qa7 39. Rbd8 Rc2 40. Qf6 Qxf2+ 41. Qxf2 Rxf2 42. Kxf2 g5 43. R1d7 Kg6 44. Rf8 Kf5 45.
Rfxf7+ Kxe5 46. Ke3 g4 47. Rh7 gxh3 48. gxh3 Kf6 49. Rd4 e5 50. Re4 Kf5 51. Rxe5+ Kf6 52. Rxh6+ Kg7 53. Ra6 Kf8 54.
Ra7 Kg8 55. Re8# 1-0

[Event "Velká cena Novohradska - A"]
[Site "Nové Hrady, Czech Republic"]
[Date "2024.10.12"]
[Round "4.7"]
[White "Ponomarenko, Marko"]
[Black "Hejda, Ondřej"]
[Result "1/2-1/2"]
[TimeControl "2x20min+10s/tah"]
[WhiteFideId "23777931"]
[BlackFideId "23713623"]
[WhiteElo "1498"]
[BlackElo "1702"]

1. e4 d5 2. exd5 Qxd5 3. Nc3 Qa5 4. d4 c6 5. Bd2 Bf5 6. Bc4 e6 7. Nf3 Qc7 8. O-O Bd6 9. Re1 Nf6 10. Bg5 Nbd7 11. a3 O-O 12.
Bd3 Bg6 13. Bxf6 Nxf6 14. Ne5 Bxd3 15. Qxd3 c5 16. Nb5 Qb6 17. dxc5 Qxc5 18. Nxd6 Rfd8 19. Nxb7 Rxd3 20. Nxc5 Rd5 21.
Nb3 Rc8 22. c3 Rb5 23. Nd4 Rxb2 24. Rec1 h6 25. c4 Ne4 26. Nd3 Rd2 27. Rd1 Rxd1+ 28. Rxd1 Rxc4 29. Nf3 Rc3 30. a4 Ra3 31.
Nb2 Ra2 32. Nd3 Nc3 33. Re1 Rxa4 34. h3 Rd4 35. Nde5 Ra4 36. Re3 Nd5 37. Rd3 a5 38. Nc6 Ra1+ 39. Kh2 a4 40. Ncd4 a3 41. Nb3 Rb1 42. Nfd2 a2 43. Rd4 a1=Q 44. Nxa1 Rxa1 45. Nb3 Ra2 46.
Kg3 Ra3 47. Rd3 Nb4 48. Rf3 Nd5 49. Nd4 Ra4 50. Nc6 Ra6 1/2-1/2

[Event "Velká cena Novohradska - A"]
[Site "Nové Hrady, Czech Republic"]
[Date "2024.10.12"]
[Round "5.1"]
[White "Garabik, Marek"]
[Black "Gregor, Alexandr"]
[Result "1/2-1/2"]
[TimeControl "2x20min+10s/tah"]
[WhiteFideId "23717742"]
[BlackFideId "23735813"]
[WhiteElo "1925"]
[BlackElo "1813"]

1. e4 e5 2. Nf3 Nc6 3. Bc4 Nf6 4. d3 h6 5. c3 Bc5 6. b4 Bb6 7. a4 a6 8. Nbd2 O-O 9.
O-O d6 10. Re1 Bg4 11. Nf1 Qd7 12. Be3 Bxe3 13. Nxe3 Be6 14. Bxe6 Qxe6 15. Qc2 d5 16. exd5 Nxd5 17. Nc4 f6 18. Rad1 Qf5 19. Qb3 Kh7 20.
Ne3 Nxe3 21. fxe3 e4 22.
Nd4 Nxd4 23. cxd4 exd3 24. Qxd3 Qxd3 25. Rxd3 Rfe8 26. e4 Rad8 27. Kf2 b6 28. Kf3 c5 29. bxc5 bxc5 30. d5 Re5 31. Rc1 f5 32. Rc4 fxe4+ 33. Rxe4 Rexd5 34. Rxd5 Rxd5 35. Re6 a5 36. Ra6 c4 37. Rc6 Rd3+ 38. Ke2 Rc3 39. Kd2 Rd3+ 40.
Ke2 Rc3 41. h3 Rc2+ 42. Kf3 c3 43.
Rc5 Ra2 44. Rxa5 c2 45. Rc5 Rxa4 46. Rxc2 Kg6 47. Rc3 Ra2 48.
Rb3 Ra4 49. g3 Ra6 50. Rb4 Kf6 51. Kf4 Rc6 52. h4 g5+ 53. hxg5+ hxg5+ 54. Kg4 Kg6 55. Ra4 Rb6 56. Rc4 Ra6 57. Rd4 Rb6 58. Re4 Ra6 59. Rb4 Rc6 60. Ra4 Rb6 61. Kh3 Rc6 62. Ra8 Rc3 63. Rg8+ 1/2-1/2

[Event "Velká cena Novohradska - A"]
[Site "Nové Hrady, Czech Republic"]
[Date "2024.10.12"]
[Round "5.2"]
[White "Postl, František"]
[Black "Šebesta, Marek"]
[Result "1-0"]
[TimeControl "2x20min+10s/tah"]
[WhiteFideId "23709448"]
[BlackFideId "23765119"]
[WhiteElo "1514"]
[BlackElo "1707"]

1. e4 e5 2. Nf3 Nc6 3. d4 exd4 4. c3 dxc3 5. Bc4 Nf6 6. O-O d6 7. Nxc3 Be7 8. h3 O-O 9. b3 Be6 10. Bxe6 fxe6 11. Ng5 Qd7 12. Bb2 h6 13. Nf3 Rad8 14. Qc2 Nh5 15. Rad1 Nf4 16.
e5 d5 17. Kh2 Qe8 18. g3 Qh5 19. Ng1 Nb4 20. Qb1 Ng6 21. g4 Qxe5+ 22. Kh1 Qg5 23. Bc1 Qf6 24. Nb5 c6 25. Nd4 Nf4 26.
Bxf4 e5 27. Bxe5 Qxe5 28. Ngf3 Qc7 29.
Ne6 Qd7 30. Nfd4 c5 31. Qg6 Bd6 32. Nxf8 Rxf8 33. Nf5 Rf6 34. Qh5 Bc7 35. Rfe1 d4 36. Ne7+ Kh7 37. Nf5 Qc6+ 38. Kg1 Nc2 39. Re7 Rg6 40. Nh4 Rg5 41. Qf7 Qd6 42.
Nf3 Ne3 43. Rxc7 Nxd1 44. Nxg5+ hxg5 45. Qxg7# 1-0

[Event "Velká cena Novohradska - A"]
[Site "Nové Hrady, Czech Republic"]
[Date "2024.10.12"]
[Round "5.3"]
[White "Hokr, Matyáš"]
[Black "Dudarec, Elias"]
[Result "0-1"]
[TimeControl "2x20min+10s/tah"]
[WhiteFideId "23734663"]
[BlackFideId "23714930"]
[WhiteElo "1534"]
[BlackElo "1588"]

1. e4 c5 2. c3 Nf6 3. e5 Nd5 4. d4 cxd4 5. cxd4 Nc6 6. Nc3 Nxc3 7. bxc3 d6 8. exd6 Qxd6 9. Nf3 g6 10. Bd3 Bg7 11. O-O O-O 12.
Re1 Bg4 13. h3 Bxf3 14. Qxf3 e5 15. d5 Ne7 16. c4 f5 17. Qg3 f4 18. Qf3 Nf5 19. Bxf5 gxf5 20. Ba3 Qh6 21. Bxf8 Rxf8 22. Rab1 e4 23. Qe2 f3 24.
gxf3 Qxh3 25. Qf1 Qh4 26. fxe4 f4 27. Rb3 f3 28. Ree3 Qg4+ 29. Kh1 Rf6 30. Rxf3 Rxf3 31. Rxf3 Qxf3+ 32. Qg2 Qd1+ 33. Qg1 Qd4 34.
Qg4 Qxf2 35. Qc8+ Qf8 36. Qxb7 Qf1+ 37. Kh2 Be5# 0-1

[Event "Velká cena Novohradska - A"]
[Site "Nové Hrady, Czech Republic"]
[Date "2024.10.12"]
[Round "5.4"]
[White "Čech, Nicolas"]
[Black "Rendl, Luboš"]
[Result "0-1"]
[TimeControl "2x20min+10s/tah"]
[WhiteFideId "23764228"]
[BlackFideId "23750197"]
[WhiteElo "1626"]
[BlackElo "1860"]

1. e4 c5 2. Nf3 Nc6 3.
d4 cxd4 4. Nxd4 e6 5. Be3 a6 6. Nc3 Qc7 7. Nxc6 dxc6 8. Be2 Nf6 9.
O-O Be7 10. f4 O-O 11. Bf3 Rd8 12. Qe2 e5 13. f5 b5 14. Rad1 Bb7 15. a3 c5 16. g4 Rd4 17. Bxd4 exd4 18.
e5 dxc3 19. Bxb7 Qxb7 20. exf6 Bxf6 21. Qf3 Qxf3 22. Rxf3 cxb2 23. c3 Re8 24. Kf1 Bg5 25. Rb1 Bc1 26. Kf2 h6 27. Rd3 Re4 28.
h3 Ra4 29. Ke2 Rxa3 30. Kd1 b4 31. Rd8+ Kh7 32. cxb4 cxb4 33. Kc2 b3+ 34. Kc3 Ra1 35. Rxb2 Bxb2+ 36. Kxb2 Rh1 37. Rd3 f6 38. Rxb3 h5 39. Kc2 Kh6 40.
Kd2 Rh2+ 41. Ke1 hxg4 42. hxg4 Kg5 43. Rb4 Ra2 44. Kf1 a5 45. Rb7 Kxg4 46. Rxg7+ Kxf5 47. Ra7 Ke4 48. Ra8 f5 49. Re8+ Kf3 50. Kg1 f4 51. Rc8 Ra3 52.
Rc7 a4 53. Rc4 Ke3 54. Rc8 Ra1+ 55. Kh2 f3 56. Re8+ Kf2 57. Rc8 Kf1 58. Rc3 f2 59. Rc8 Ke2 60. Re8+ Kd3 0-1

[Event "Velká cena Novohradska - A"]
[Site "Nové Hrady, Czech Republic"]
[Date "2024.10.12"]
[Round "5.5"]
[White "Mountassir, Karim"]
[Black "Slonek, Richard"]
[Result "0-1"]
[TimeControl "2x20min+10s/tah"]
[WhiteFideId "23746327"]
[BlackFideId "23744553"]
[WhiteElo "1614"]
[BlackElo "1524"]

1. e4 e6 2. d4 d5 3. exd5 exd5 4. Bd3 Nf6 5. Nf3 Bd6 6. Bg5 O-O 7. O-O h6 8. Bc1 Re8 9. Re1 Nc6 10. h3 Be6 11. c3 Qd7 12.
Nbd2 Bf5 13. Bb5 Rxe1+ 14. Nxe1 Ne4 15. Qf3 Re8 16. Nd3 Ng5 17. Qh5 a6 18. Nc5 Bxc5 19. Bxc6 Qxc6 20. dxc5 Qxc5 21.
h4 Re1+ 22. Nf1 Qc4 23. hxg5 Qxf1+ 24. Kh2 Qh1+ 25. Kg3 Qxh5 0-1

[Event "Velká cena Novohradska - A"]
[Site "Nové Hrady, Czech Republic"]
[Date "2024.10.12"]
[Round "5.6"]
[White "Polanský, Matěj"]
[Black "Ponomarenko, Marko"]
[Result "1-0"]
[TimeControl "2x20min+10s/tah"]
[WhiteFideId "23741872"]
[BlackFideId "23777931"]
[WhiteElo "1475"]
[BlackElo "1498"]

1. e4 e5 2. Nc3 Nc6 3. f4 exf4 4.
Nf3 Bb4 5. d4 d6 6. Bxf4 Bg4 7. a3 Bxc3+ 8. bxc3 Nf6 9. Bd3 O-O 10. O-O Re8 11. d5 Ne5 12. Bxe5 dxe5 13. Qe1 c6 14.
dxc6 bxc6 15. Rb1 Rb8 16. Rxb8 Qxb8 17. Qb1 Qxb1 18. Rxb1 Bxf3 19. gxf3 h6 20. Rb7 a5 21. Ra7 Nh5 22.
Rxa5 Nf4 23. Kf2 f6 24. Rc5 Ra8 25. Rxc6 Rxa3 26. Ke3 Ra2 27. Bc4+ Kh7 28. Bxa2 1-0

[Event "Velká cena Novohradska - A"]
[Site "Nové Hrady, Czech Republic"]
[Date "2024.10.12"]
[Round "5.7"]
[White "Borecký, Andrej"]
[Black "Hejda, Ondřej"]
[Result "1-0"]
[TimeControl "2x20min+10s/tah"]
[WhiteFideId "23752670"]
[BlackFideId "23713623"]
[WhiteElo "1778"]
[BlackElo "1702"]

1. e4 d5 2. exd5 Qxd5 3. Nc3 Qa5 4.
d4 c6 5.
Nf3 Bg4 6. h3 Bh5 7. g4 Bg6 8. Ne5 e6 9. Bg2 Nf6 10. O-O Bd6 11. f4 Nbd7 12. Qf3 O-O-O 13. Nxc6 bxc6 14. Qxc6+ Qc7 15.
Qa6+ Kb8 16. Nb5 Qb6 17.
Qxb6+ Nxb6 18. Nxd6 Rxd6 19. f5 Rxd4 20. fxg6 hxg6 21. Bf4+ Kc8 22. Be5 Rd2 23. Bxf6 gxf6 24. Rxf6 Rxc2 25.
Rxf7 Rxb2 26. Rxa7 Rd8 27. Rc1+ Kb8 28. Rb7+ Ka8 29. Rxb6+ 1-0

[Event "Velká cena Novohradska - A"]
[Site "Nové Hrady, Czech Republic"]
[Date "2024.10.12"]
[Round "6.1"]
[White "Dudarec, Elias"]
[Black "Garabik, Marek"]
[Result "0-1"]
[TimeControl "2x20min+10s/tah"]
[WhiteFideId "23714930"]
[BlackFideId "23717742"]
[WhiteElo "1588"]
[BlackElo "1925"]

1. e4 e6 2. Nf3 d5 3. e5 c5 4. b4 b6 5. bxc5 bxc5 6. d4 Qb6 7. c3 Ba6 8. Bxa6 Qxa6 9. Qe2 Qxe2+ 10. Kxe2 Nd7 11. Ba3 Nh6 12. Nbd2 c4 13. Bxf8 Rxf8 14. Ng5 Rh8 15. Rab1 Ke7 16. Rb7 f6 17. Ngf3 Rhb8 18. Rhb1 Nf7 19. Ke3 Rxb7 20. Rxb7 Nd8 21. Rb1 Nc6 22. Rb7 Rb8 23.
Rxb8 Ncxb8 24. Kf4 Nc6 25. h4 fxe5+ 26. Nxe5 Ncxe5 27. dxe5 Nc5 28. Ke3 Nd3 29. f4 a5 30. g3 Kd7 31. Kd4 Nc1 32. a4 Ne2+ 33. Kc5 Nxc3 34. Kb6 Nxa4+ 35. Kxa5 Nc3 36. Kb4 Ne2 37. Nf1 g6 38.
Ka3 Kc6 39. Kb4 Kb6 40. Ne3 Nxg3 41. Ng4 Nf5 42. Nf6 Nxh4 43. Nxh7 Ng2 44. Nf6 Nxf4 45. Nd7+ Kc6 46. Nc5 Nd3+ 0-1

[Event "Velká cena Novohradska - A"]
[Site "Nové Hrady, Czech Republic"]
[Date "2024.10.12"]
[Round "6.2"]
[White "Gregor, Alexandr"]
[Black "Postl, František"]
[Result "1-0"]
[TimeControl "2x20min+10s/tah"]
[WhiteFideId "23735813"]
[BlackFideId "23709448"]
[WhiteElo "1813"]
[BlackElo "1514"]

1. e4 e5 2. Nf3 Nf6 3. d3 d6 4. c4 c5 5. Nc3 Bg4 6. h3 Bh5 7. g4 Bg6 8. Bg5 h6 9. Bxf6 Qxf6 10. Nd5 Qd8 11. Be2 Nc6 12. Qa4 Be7 13. Nxe7 Qxe7 14. h4 h5 15. g5 O-O 16. O-O-O Nd8 17. Rdg1 Ne6 18. Qd1 Nf4 19. Ne1 f5 20. gxf6 Rxf6 21. Ng2 Qf7 22. Nxf4 Rxf4 23. Rg5 Rxf2 24. Rhg1 Bh7 25. Rxg7+ Qxg7 26. Rxg7+ Kxg7 27. Qg1+ 1-0

[Event "Velká cena Novohradska - A"]
[Site "Nové Hrady, Czech Republic"]
[Date "2024.10.12"]
[Round "6.3"]
[White "Slonek, Richard"]
[Black "Šebesta, Marek"]
[Result "1-0"]
[TimeControl "2x20min+10s/tah"]
[WhiteFideId "23744553"]
[BlackFideId "23765119"]
[WhiteElo "1524"]
[BlackElo "1707"]

1. e4 e5 2. Nf3 Nc6 3. Bc4 Nf6 4. d3 Bc5 5. c3 d6 6.
Nbd2 a6 7. Nf1 O-O 8. Qe2 Na5 9. Bb3 Nxb3 10. axb3 Be6 11. b4 Ba7 12. h4 c6 13. h5 h6 14. Ng3 Bg4 15. Nf5 Qd7 16. Ne3 Be6 17. Nh4 Nxh5 18. Qxh5 d5 19. Nef5 dxe4 20. Qg4 g6 21. dxe4 Kh7 22. Nxg6 Bxf5 23. Rxh6+ Kg7 24.
exf5 Rfd8 25. Nxe5+ Kf8 26.
Nxd7+ Ke7 27. Bg5+ Kxd7 28. Bxd8 Rxd8 29. Rd1+ Kc7 30. Rxd8 Kxd8 31. Qg8+ Kc7 32. Qxf7+ Kb6 33. Qc4 Kc7 34. f6 b5 35. Qf4+ Kb6 36. Qd4+ Kb7 37. Rh7+ Kc8 38. Qxa7 c5 39. Rh8# 1-0

[Event "Velká cena Novohradska - A"]
[Site "Nové Hrady, Czech Republic"]
[Date "2024.10.12"]
[Round "6.4"]
[White "Rendl, Luboš"]
[Black "Polanský, Matěj"]
[Result "1-0"]
[TimeControl "2x20min+10s/tah"]
[WhiteFideId "23750197"]
[BlackFideId "23741872"]
[WhiteElo "1860"]
[BlackElo "1475"]

1. e4 e5 2. Nf3 Nc6 3. Bb5 Nf6 4. O-O Bb4 5. c3 Ba5 6. Bxc6 bxc6 7. Nxe5 O-O 8. Nc4 Bb6 9. Re1 Re8 10. e5 Nd5 11. Nxb6 cxb6 12. d4 Ba6 13. Nd2 d6 14. Nf3 Qd7 15. Bd2 Rad8 16.
Qc2 Qg4 17. exd6 Qd7 18. Ne5 Qxd6 19. Qf5 Re7 20. Nf3 Rde8 21. Rxe7 Nxe7 22. Qg4 Ng6 23. Re1 Rxe1+ 24. Nxe1 Qd5 25.
b3 c5 26. Nf3 c4 27. b4 Bb7 28. h3 h6 29. Qg3 Qd8 30. Bf4 Bxf3 31. Qxf3 Qe8 32. Bg3 Qe1+ 33. Kh2 Qa1 34. Qa8+ Kh7 35. Qxa7 b5 36. Qxf7 Qxc3 37.
d5 Qd3 38. d6 c3 39. Qc7 c2 40. d7 Qxd7 41. Qxd7 c1=Q 42. Qxb5 Qb2 43. a4 Ne7 44. a5 Qb1 45. Qc5 Nf5 46.
b5 Qd3 47. b6 Nd4 48. b7 Ne2 49. b8=Q Qd1 50. Qf5+ g6 1-0

[Event "Velká cena Novohradska - A"]
[Site "Nové Hrady, Czech Republic"]
[Date "2024.10.12"]
[Round "6.5"]
[White "Borecký, Andrej"]
[Black "Hokr, Matyáš"]
[Result "1-0"]
[TimeControl "2x20min+10s/tah"]
[WhiteFideId "23752670"]
[BlackFideId "23734663"]
[WhiteElo "1778"]
[BlackElo "1534"]

1. e4 e6 2. d4 d5 3. exd5 exd5 4. c4 c6 5. Nc3 Nf6 6. Bg5 Bb4 7. Nf3 O-O 8. Be2 dxc4 9. Bxc4 Qe8+ 10. Qe2 Qxe2+ 11. Bxe2 Ne4 12. Bd2 Nxd2 13. Nxd2 Re8 14. a3 Bxc3 15. bxc3 Bf5 16. Kd1 Nd7 17. Nc4 Re6 18. g4 Bc2+ 19. Kd2 Bb3 20. Bd3 Nf6 21. Rab1 Bxc4 22. Bxc4 Re7 23. f3 b5 24. Bd3 Nd5 25.
Be4 a6 26. Rhe1 Rae8 27. Bxd5 cxd5 28. Rxe7 Rxe7 29. a4 Rb7 30. axb5 Kf8 31. b6 Ke7 32. c4 dxc4 33. Kc3 Kd6 34.
Kxc4 a5 35. Kb5 a4 36. Ka6 Rb8 37. Ka7 Re8 38. b7 Re7 39. Ka8 Re8+ 40. b8=Q+ Rxb8+ 41. Kxb8 Kd5 42. Ra1 Kxd4 43. Rxa4+ Ke3 44. Ra7 Kxf3 45. Rxf7+ g5 1-0

[Event "Velká cena Novohradska - A"]
[Site "Nové Hrady, Czech Republic"]
[Date "2024.10.12"]
[Round "6.6"]
[White "Ponomarenko, Marko"]
[Black "Čech, Nicolas"]
[Result "1-0"]
[TimeControl "2x20min+10s/tah"]
[WhiteFideId "23777931"]
[BlackFideId "23764228"]
[WhiteElo "1498"]
[BlackElo "1626"]

1. e4 c6 2. d4 d5 3. Nc3 dxe4 4. Nxe4 Bf5 5. Ng3 Bg6 6. Nf3 Nf6 7. Bc4 e6 8. Bg5 Nbd7
9. O-O Be7 10. Re1 O-O 11.
c3 h6 12. Be3 Nd5 13.
Bxd5 cxd5 14. Ne5 Nxe5 15. dxe5 a6 16. Qb3 b5 17. Rad1 Qc7 18. Bd4 Qc4 19. Qxc4 bxc4 20. Ne2 Rfb8 21. Rd2 a5 22. a3 Rb7 23. Nf4 Bh7 24. Ree2 Bxa3 25. h4 Be7 26. g3 Rab8 27. Kh2 g5 28. Nh3 Bd3 29. Re3 Rxb2 30. Rxb2 Rxb2 31. hxg5 Bxg5 32. Nxg5 hxg5 33.
Rf3 Be4 34. Rf6 Rxf2+ 35. Rxf2 1-0

[Event "Velká cena Novohradska - A"]
[Site "Nové Hrady, Czech Republic"]
[Date "2024.10.12"]
[Round "6.7"]
[White "Hejda, Ondřej"]
[Black "Mountassir, Karim"]
[Result "1-0"]
[TimeControl "2x20min+10s/tah"]
[WhiteFideId "23713623"]
[BlackFideId "23746327"]
[WhiteElo "1702"]
[BlackElo "1614"]

1. e4 e5 2. Nf3 Nc6 3. Nc3 Bc5 4. Bc4 d6 5. d3 h6 6. Bd2 Nf6 7. h3 Be6 8. Bb3 Nd7 9. Qe2 O-O 10. O-O Qe7 11. Be3 Bb6 12. Rad1 f5 13. d4 Bxb3 14. axb3 fxe4 15. Nxe4 exd4 16. Bxd4 Nxd4 17. Nxd4 d5 18. Ng3 Qxe2 19.
Ndxe2 c6 20. c4 Nf6 21. Nf4 Rfd8 22. Rfe1 Kf7 23. Nf5 Rd7 24. Ne6 Kg6 25. Ng3 Re8 26. Nf4+ Kf7 27. cxd5 cxd5 28.
Nd3 Rxe1+ 29. Rxe1 Re7 30. Rd1 Kf8 31. Rc1 Rc7 32. Rxc7 Bxc7 33. Nf5 Kf7 34. Kf1 Bb6 35. Ke2 Bc7 36.
f3 Kg6 37. Nd4 Bb6 1-0

[Event "Velká cena Novohradska - A"]
[Site "Nové Hrady, Czech Republic"]
[Date "2024.10.12"]
[Round "7.1"]
[White "Garabik, Marek"]
[Black "Rendl, Luboš"]
[Result "1-0"]
[TimeControl "2x20min+10s/tah"]
[WhiteFideId "23717742"]
[BlackFideId "23750197"]
[WhiteElo "1925"]
[BlackElo "1860"]

1. e4 c6 2. d4 d5 3. exd5 cxd5 4. c3 Bf5 5. Nf3 Nc6 6. Bd3 Bxd3 7. Qxd3 e6 8. Bf4 Bd6 9. Bxd6 Qxd6 10. O-O Nf6 11.
Nbd2 O-O 12. Rae1 h6 13. Ne5 Nd7 14. f4 a6 15. Re3 f5 16. Nxd7 Qxd7 17. Rfe1 Rf6 18. Qe2 Re8 19. Nf3 Qc7 20. Ne5 Nxe5 21. Rxe5 Qb6 22.
Rxd5 exd5 23. Qxe8+ Kh7 24. Qe2 Rg6 25. b3 Qc7 26.
Qd2 Rg4 27. Rf1 h5 28. h3 Rg3 29. Rc1 g6 30. c4 dxc4 31. bxc4 Qe7 32. Re1 Qa3 33. Qe2 Kh6 34. Qe8 Rxg2+ 35. Kxg2 Qxa2+ 36. Re2 1-0

[Event "Velká cena Novohradska - A"]
[Site "Nové Hrady, Czech Republic"]
[Date "2024.10.12"]
[Round "7.2"]
[White "Slonek, Richard"]
[Black "Gregor, Alexandr"]
[Result "0-1"]
[TimeControl "2x20min+10s/tah"]
[WhiteFideId "23744553"]
[BlackFideId "23735813"]
[WhiteElo "1524"]
[BlackElo "1813"]

1. e4 c5 2. d4 cxd4 3. c3 dxc3 4. Nxc3 d6 5.
Nf3 a6 6. Be3 Nc6 7. Bc4 Nf6 8.
Qd2 e6 9. O-O Be7 10. Ng5 h6 11. Nf3 b5 12. Bb3 b4 13. Ne2 Nxe4 14. Qc2 Nc5 15. Rad1 Qc7 16. Bxc5 dxc5 17. Ba4 O-O 18.
Qe4 Bb7 19. Bxc6 Bxc6 20. Qg4 Bxf3 21. Qxf3 Bf6 22. Rd2 Rfd8 23. Rfd1 Bxb2 24. Ng3 Bc3 25. Rc2 Rxd1+ 26. Qxd1 Rd8 27. Qe2 Qd6 28. Rc1 Qd2 29. Qxd2 Rxd2 30.
Ne4 Rxa2 31. Nxc5 Bd4 32. Nd3 Rd2 33. Nxb4 Rxf2 34. Kh1 a5 35. Nc6 Bb2 36. Rb1 a4 37. h3 a3 38. Nb4 Bc3 39. Kh2 Rb2 0-1

[Event "Velká cena Novohradska - A"]
[Site "Nové Hrady, Czech Republic"]
[Date "2024.10.12"]
[Round "7.3"]
[White "Postl, František"]
[Black "Dudarec, Elias"]
[Result "0-1"]
[TimeControl "2x20min+10s/tah"]
[WhiteFideId "23709448"]
[BlackFideId "23714930"]
[WhiteElo "1514"]
[BlackElo "1588"]

1. e4 e6 2. d4 d5 3. Nd2 c5 4.
c3 Nc6 5. Ndf3 dxe4 6. Ng5 cxd4 7. cxd4 Qxd4 8. Qxd4 Nxd4 9. Kd1 f5 10. Be3 Nc6 11. Bc4 Ke7 12. Bc5+ Ke8 13. Bxf8 Kxf8 14.
Nxe6+ Bxe6 15. Bxe6 Rd8+ 16. Ke1 Nd4 17. Bb3 Nxb3 18. axb3 a6 19. Ne2 Nf6 20. Nf4 Kf7 21. Rc1 Rd7 22. Rc5 Rhd8 23. Rc1 Rd2 24. Rc7+ Ke8 25.
Rc1 Rxb2 26. Ne6 Rdd2 27. Nxg7+ Kf7 28. Rc7+ Kg6 29. h4 Re2+ 30. Kd1 h5 31. Rh3 Rxf2 32. Rg3+ Ng4 33. Kc1 f4 34. Rgc3 Rbe2 35. Kb1 Re1+ 36. Rc1 Rxc1+ 37. Kxc1 Rxg2 38.
Ne8 f3 39. Rg7+ Kh6 40. Rg8 f2 0-1

[Event "Velká cena Novohradska - A"]
[Site "Nové Hrady, Czech Republic"]
[Date "2024.10.12"]
[Round "7.4"]
[White "Ponomarenko, Marko"]
[Black "Borecký, Andrej"]
[Result "0-1"]
[TimeControl "2x20min+10s/tah"]
[WhiteFideId "23777931"]
[BlackFideId "23752670"]
[WhiteElo "1498"]
[BlackElo "1778"]

1. e4 c5 2. Nc3 e6 3. Bc4 Nc6 4. d3 Nge7 5. f4 d5 6. exd5 exd5 7. Bb5 a6 8. Bxc6+ Nxc6 9. Nf3 Be7 10.
O-O O-O 11. Ne5 Bf6 12. Nxc6 bxc6 13. Rb1 Rb8 14. Bd2 Re8 15. Qf3 h6 16. f5 Re5 17. Qg4 Qd7 18. Bxh6 Rxf5 19. Rxf5 Qxf5 20.
Qxf5 Bxf5 21. Bd2 c4 22. Bf4 Rb7 23. Na4 cxd3 24. cxd3 Rb4 0-1

[Event "Velká cena Novohradska - A"]
[Site "Nové Hrady, Czech Republic"]
[Date "2024.10.12"]
[Round "7.5"]
[White "Šebesta, Marek"]
[Black "Čech, Nicolas"]
[Result "1-0"]
[TimeControl "2x20min+10s/tah"]
[WhiteFideId "23765119"]
[BlackFideId "23764228"]
[WhiteElo "1707"]
[BlackElo "1626"]

1. e4 c5 2. Nf3 e6 3.
d4 cxd4 4. Nxd4 Nc6 5. Nc3 Qc7 6. Bc4 Nf6 7. Bb3 Be7 8. Be3 a6 9. a4 O-O 10.
f3 Rd8 11. Qd2 Na5 12. O-O Nxb3 13.
cxb3 d5 14. Rac1 Qa5 15. Nxd5 Qxd2 16. Nxe7+ Kf8 17. Bxd2 Rxd4 18. Bc3 Rd7 19. Bxf6 gxf6 20. Nxc8 Rd2 21. Nb6 Rad8 22. Nc4 Re2 23.
Rf2 Rxf2 24. Kxf2 b5 25.
axb5 axb5 26. Na3 Rd2+ 27. Kg3 Rxb2 28. Rb1 1-0

[Event "Velká cena Novohradska - A"]
[Site "Nové Hrady, Czech Republic"]
[Date "2024.10.12"]
[Round "7.6"]
[White "Hokr, Matyáš"]
[Black "Hejda, Ondřej"]
[Result "1-0"]
[TimeControl "2x20min+10s/tah"]
[WhiteFideId "23734663"]
[BlackFideId "23713623"]
[WhiteElo "1534"]
[BlackElo "1702"]

1. e4 d5 2. exd5 Qxd5 3. Nc3 Qa5 4. d4 c6 5. Nf3 Bg4 6. Be2 e6 7. h3 Bh5 8. Ne5 Bg6 9. Bf4 Nf6 10. O-O Bb4 11. Nxg6 hxg6 12. Qd3 Nbd7 13. Rfb1 O-O 14. a3 Be7 15.
b4 Qd8 16. b5 Nd5 17. Nxd5 cxd5 18. Qb3 Nf6 19. Bd3 Qb6 20. c3 Rac8 21. Rc1 Bd6 22. Bg5 Nh7 23. Be3 Rcd8 24. c4 Qc7 25.
c5 Bf4 26. Bf1 Bxe3 27. Qxe3 Nf6 28. Qb3 Ne4 29. a4 Qf4 30. Qb2 Rb8 31. a5 Rfc8 32. b6 a6 33. Ra3 Qf6 34. Rf3 Qe7 35.
Bd3 Ng5 36. Re3 Re8 37. Rce1 Nh7 38. Qb3 Qd7 39. Rc1 Nf6 40. Bb1 Re7 41. Rec3 Ne4 42. Re3 Rc8 43. Qb4 e5 44. Bxe4 dxe4 45.
Rxe4 exd4 46. Rxe7 Qxe7 47. Qxd4 Qg5 48. Qe3 Qd5 49. Qc3 Qc6 50. Qf3 Qd7 51. Qe3 Re8 52. Qc3 Qc6 53. Qf3 Qd7 54.
c6 bxc6 55. Qxc6 Qe7 56. b7 Kh7 57. Qc8 Qa3 1-0

[Event "Velká cena Novohradska - A"]
[Site "Nové Hrady, Czech Republic"]
[Date "2024.10.12"]
[Round "7.7"]
[White "Polanský, Matěj"]
[Black "Mountassir, Karim"]
[Result "0-1"]
[TimeControl "2x20min+10s/tah"]
[WhiteFideId "23741872"]
[BlackFideId "23746327"]
[WhiteElo "1475"]
[BlackElo "1614"]

1. e4 e5 2. Nc3 Nc6 3. f4 exf4 4. Nf3 Bc5 5. Bb5 Nd4 6. Nxd4 Bxd4 7. Qg4 c6 8. Bc4 d5 9. Qxf4 dxc4 10.
Rf1 Nh6 11. d3 cxd3 12. cxd3 O-O 13. Qg3 Kh8 14. Bd2 f5 15. O-O-O fxe4 16. dxe4 Bg4 17. Bxh6 Bxd1 18. Rxd1 gxh6 19.
Ne2 c5 20. Nf4 Qg5 21. Qxg5 hxg5 22. Ne6 Be3+ 23. Kc2 Rf6 24. Nc7 Rc8 25. Nd5 Rf2+ 26. Kd3 Bd4 27. Re1 Rd8 0-1